 Dungeon Crawl Stone Soup version 0.27-a0-660-g90476cec82 (webtiles) character file.

Game seed: 4290581048317565914

9809 sizableburger the Slasher (level 11, -6/83 HPs)
             Began as a Mummy Chaos Knight on Mar 17, 2021.
             Was a Plaything of Xom.
             Killed from afar by a tengu reaver (58 damage)
             ... with a bolt of fire
             ... on level 10 of the Dungeon.
             The game lasted 00:38:04 (13796 turns).

sizableburger the Slasher (Mummy Chaos Knight)     Turns: 13796, Time: 00:38:05

Health: -6/83      AC: 19    Str: 18    XL:     11   Next: 27%
Magic:  11/11      EV: 12    Int: 22    God:    Xom [*.....]
Gold:   924        SH:  0    Dex: 14    Spells: 10/10 levels left

rFire    . . .     SeeInvis +   y - +5 scythe "Finisher" {speed, eviscerate}
rCold    + . .     Faith    .   (shield currently unavailable)
rNeg     + + +     Spirit   .   q - +2 scale mail
rPois    ∞         Reflect  .   C - +2 helmet {Int+3}
rElec    .         Harm     .   m - +2 cloak
rCorr    .         Rampage  .   w - +2 pair of gloves {Dex+3}
Will     +....                  (no boots)
Stlth    ..........             D - amulet of Beauty {Acrobat rF+}
HPRegen  0.23/turn              d - +6 ring of intelligence
MPRegen  0.12/turn              f - ring of see invisible

@: studying Ice Magic
A: cold resistance 1, negative energy resistance 3, torment resistance 2,
unbreathing 1, heat vulnerability 1, no potions
a: Renounce Religion


You were on level 10 of the Dungeon.
You worshipped Xom.
You were a special plaything of Xom.
You visited 1 branch of the dungeon, and saw 10 of its levels.
You also visited: Sewer and Ossuary.

You collected 1459 gold pieces.
You spent 535 gold pieces at shops.

Inventory:

Hand Weapons
 a - a +3 falchion of protection
 y - the +5 scythe "Finisher" (weapon) {speed, eviscerate}
   (You found it on level 7 of the Dungeon)

   Attacks with this weapon are significantly faster.
Missiles
 j - 19 poisoned darts (quivered)
 k - 4 curare-tipped darts
Armour
 m - a +2 cloak (worn)
 q - a +2 scale mail (worn)
 w - a +2 pair of gloves of dexterity (worn)
 C - a +2 helmet of intelligence (worn)
Magical Staves
 h - a staff of fire
Jewellery
 c - an amulet of faith
 d - a +6 ring of intelligence (right hand)
 e - a +4 ring of evasion
 f - a ring of see invisible (left hand)
 l - a +6 ring of strength
 n - an amulet of regeneration
 z - a +4 ring of protection
 D - the amulet of Beauty (around neck) {Acrobat rF+}
   (Xom gifted it to you on level 8 of the Dungeon)

   [amulet of the acrobat]

   It helps you evade while moving and waiting.
   It protects you from fire.
Wands
 i - a wand of polymorph (19)
 r - a wand of charming (27)
 t - a wand of flame (16)
Scrolls
 b - a scroll of fear
 g - 3 scrolls of silence
 o - a scroll of identify
 p - a scroll of amnesia
 s - 4 scrolls of teleportation
 u - a scroll of summoning
 v - 5 scrolls of blinking
 A - 2 scrolls of magic mapping
 E - a scroll of fog


   Skills:
 + Level 6.9 Fighting
 - Level 7.3 Long Blades
 + Level 7.2 Polearms
 + Level 5.4 Armour
 + Level 5.4 Dodging
 - Level 6.0 Evocations


You had 10 spell levels left.
You didn't know any spells.
Your spell library contained the following spells:

 Spells                   Type           Power      Damage    Failure   Level
 Corona                   Hex            0%         N/A       43%         1
 Ensorcelled Hibernation  Hex/Ice        0%         N/A       58%         2
 Confusing Touch          Hex            0%         N/A       82%         3
 Dazzling Flash           Conj/Hex       0%         N/A       82%         3
 Tukima's Dance           Hex            0%         N/A       82%         3


Dungeon Overview and Level Annotations

Branches:
Dungeon (10/15)            Temple (0/1) D:5            Lair (0/6) D:9
  Sewer (visited)         Ossuary (visited)
    Orc: D:9-12

Altars:
Cheibriados
Dithmenos
Elyvilon
Fedhas
Gozag
Hepliaklqana
Nemelex Xobeh
Okawaru
Qazlal
Ru
Sif Muna
Xom
Yredelemnul
Zin
The Shining One
Beogh

Shops:
D:7 (   D:9 :[??

Annotations:
D:3 Sigmund
D:5 Blork the orc
D:6 3 runed translucent doors, jestyr24's ghost, novice MiFi


Innate Abilities, Weirdness & Mutations

You are immune to poison.
Your flesh is cold resistant. (rC+)
You are immune to negative energy. (rN+++)
You are immune to unholy pain and torment.
You can survive without breathing.
You are vulnerable to heat. (rF-)
You do not drink.


Message History

You see here a +0 leather armour.
Found a large runed translucent door.
There is an open door here.
b - a scroll of fear You now have 910 gold pieces (gained 16).
You open the door.
There is an open door here.
You now have 924 gold pieces (gained 14).
Found a stone staircase leading down.
There is an open door here.
Could not explore, unopened runed door.
As you open the large door, it creaks loudly!
You hear a shout!
You closely miss the necrophage. The necrophage closely misses you.
You closely miss the necrophage. The necrophage barely misses you.
A tengu reaver comes into view.
It is wielding a +0 great mace of protection.
You hit the necrophage.
The necrophage is lightly damaged.
The necrophage barely misses you.
You slash the necrophage!
The necrophage is heavily damaged.
The necrophage hits you.
You slash the necrophage!
You destroy the necrophage!
You reach to attack!
You barely miss the tengu reaver.
The tengu reaver points at you and mumbles some strange words.
The bolt of poison hits you but does no damage.
You resist.
You reach to attack!
You hit the tengu reaver but do no damage.
You hit the tengu reaver but do no damage.
The tengu reaver hits you with a +0 great mace of protection!!
The tengu reaver pecks you.
The tengu reaver claws you but does no damage.
You miss the tengu reaver.
The tengu reaver points at you and mumbles some strange words.
The bolt of fire hits you!!!
Ouch! That really hurt!
You die...
Xom bursts into laughter!

#.÷.≈#....#.............#.#(..###
≈...##..#.#..########.....#....#
≈..###..#.#.## .... ##..###.##.#
≈.####..#.).# #..# #..# #....#
≈....##.....# #..# #..# ######
#≈....#.#.#.# #..# #[.#
#§.⌠......#.# #..# #..#
#≈§§§.#...#.####Q'####..#
##≈§§####.#...8#@.#8....#
#########.#...'....'....#
#.....>...#...8####8...##
###########............# ..#
#.######.##### #.# #.# #.# #.#
#.# #.# #(# #.######.# #)#
#........#


You could see a tengu reaver.

Vanquished Creatures
  2 two-headed ogres
  A cyclops (D:10)
  A manticore (D:10)
  Maurice (D:8)
  2 trolls
  A hornet (D:7)
  A vampire (D:8)
  4 wraiths (D:7)
  4 steam dragons (D:10)
  5 soldier ants (D:9)
  2 orc warriors
  An ice beast (D:10)
  A black bear (D:9)
  A necrophage (D:10)
  2 ogres
  A wolf (D:9)
  5 centaurs
  2 kobold brigands
  5 bullfrogs
  6 scorpions
  9 wights
  A vampire bat (D:3)
  7 howler monkeys
  3 bullfrog zombies
  A centaur zombie (D:6)
  2 quasits
  4 orc priests
  Crazy Yiuf (D:3)
  8 hounds
  3 jellies
  A centaur skeleton (D:6)
  A bullfrog skeleton (D:5)
  2 iguanas
  5 orc wizards
  19 worker ants
  2 hound skeletons
  4 mummies (Ossuary)
  A howler monkey zombie (D:5)
  3 worker ant zombies
  Robin (D:3)
  2 gnolls
  9 adders
  2 river rats
  4 shadow imps
  4 white imps
  2 adder skeletons
  4 adder zombies
  2 worms
  4 dart slugs
  3 fire bats (D:3)
  9 leopard geckos
  48 orcs
  2 spectral bats (D:3)
  10 bats
  3 bat skeletons (D:3)
  A bat zombie (D:3)
  3 giant cockroaches
  11 goblins
  11 hobgoblins
  2 jackals (Sewer)
  3 quokkas
  2 ball pythons
  A ball python skeleton (D:4)
  A bat simulacrum (D:3)
  7 frilled lizards
  A gnoll zombie (Ossuary)
  A goblin zombie (Ossuary)
  3 hobgoblin zombies (Ossuary)
  15 kobolds
  5 kobold zombies (Ossuary)
  A leopard gecko skeleton (D:4)
  2 quokka zombies (Ossuary)
  17 rats
  3 rat zombies (Ossuary)
324 creatures vanquished.

Vanquished Creatures (collateral kills)
  3 orc warriors (D:9)
  A bullfrog (D:9)
  3 worker ants (D:9)
  2 orcs (D:9)
9 creatures vanquished.

Vanquished Creatures (others)
  A queen ant (D:9)
  A boggart (D:9)
  An orc wizard (D:6)
  3 gnolls (D:6)
  An orc (D:6)
  A rat (D:6)
  8 fungi
  3 plants (D:6)
19 creatures vanquished.

Grand Total: 352 creatures vanquished

Notes
Turn   | Place    | Note
-------+----------+-------------------------------------------
     0 | D:1      | sizableburger the Mummy Chaos Knight began the quest for
                  | the Orb.
     0 | D:1      | Reached XP level 1. HP: 18/18 MP: 1/1
    37 | D:1      | XOM: silly message
    88 | D:1      | Reached skill level 1 in Dodging
   350 | D:1      | XOM: enchant monster (bad)
   650 | D:1      | Reached XP level 2. HP: 22/24 MP: 2/2
   976 | D:2      | Found a shimmering altar of Xom.
   977 | D:2      | Found a shimmering altar of Xom.
   978 | D:2      | Found a shimmering altar of Xom.
  1018 | D:2      | Found a basalt altar of Yredelemnul.
  1028 | D:2      | Found a shimmering blue altar of Sif Muna.
  1077 | D:2      | XOM: silly message
  1183 | D:2      | XOM: butterfly on damage
  1276 | D:2      | XOM: divination: detect items
  1375 | D:2      | XOM: silly message
  1474 | D:2      | Found an iron altar of Okawaru.
  1487 | D:2      | Found a stormy altar of Qazlal.
  1492 | D:2      | Found a sacrificial altar of Ru.
  1528 | D:2      | Reached XP level 3. HP: 13/29 MP: 3/3
  1833 | D:2      | XOM: 3-stop teleportation journey
  1973 | D:2      | XOM: god gift: scroll labelled UTIZYEKUZON {god gift}
  2260 | D:2      | Reached XP level 4. HP: 32/35 MP: 4/4
  2672 | D:3      | XOM: confuse monster(s)
  2763 | D:3      | Found a sparkling altar of Nemelex Xobeh.
  2833 | D:3      | XOM: cloud trail
  2901 | D:3      | Found a hazy altar of Hepliaklqana.
  3007 | D:3      | Reached XP level 5. HP: 41/41 MP: 5/5
  3009 | D:3      | Noticed Robin
  3042 | D:3      | Killed Robin
  3058 | D:3      | XOM: polymorph goblin -> dart slug
  3303 | D:3      | XOM: 3-stop teleportation journey
  3486 | D:3      | XOM: confuse monster(s)
  3499 | D:3      | Reached XP level 6. HP: 44/47 MP: 6/6
  3566 | D:3      | XOM: 5-stop teleportation journey
  3790 | D:3      | XOM: silly message
  3856 | D:3      | Found a runed translucent door.
  3857 | D:3      | Noticed Crazy Yiuf
  3857 | D:3      | XOM: silly message
  3865 | D:3      | Killed Crazy Yiuf
  3881 | D:3      | XOM: silly message
  3992 | D:3      | Noticed Sigmund
  4207 | D:3      | XOM: noise
  4600 | D:2      | XOM: divination: detect creatures
  4887 | D:3      | XOM: cast spell 'Alistair's Intoxication'
  4996 | D:4      | XOM: noise
  5230 | D:4      | XOM: divination: detect items
  5415 | D:4      | XOM: noise
  5420 | D:4      | Reached skill level 5 in Long Blades
  5420 | D:4      | Reached XP level 7. HP: 42/52 MP: 7/7
  5460 | D:4      | XOM: divination: detect creatures
  5740 | D:4      | XOM: smoke on damage
  6232 | D:5      | Entered Level 5 of the Dungeon
  6307 | D:5      | Found a staircase to the Ecumenical Temple.
  6508 | D:5      | XOM: confuse monster(s)
  6511 | D:5      | Noticed Blork the orc
  7054 | D:5      | Reached skill level 5 in Dodging
  7103 | D:5      | Found a shadowy altar of Dithmenos.
  7180 | D:5      | XOM: scenery: summon butterflies
  7323 | D:6      | Found a blossoming altar of Fedhas.
  7344 | D:6      | XOM: summons 5 friendly demons
  7348 | D:5      | Reached XP level 8. HP: 59/59 MP: 8/8
  7374 | D:6      | XOM: 1-stop teleportation journey
  7378 | D:5      | XOM: scenery: summon butterflies
  7485 | D:6      | Noticed a troll
  7575 | D:6      | Found a runed translucent gate.
  7575 | D:6      | Found a runed translucent gate.
  7575 | D:6      | Found a runed translucent gate.
  7604 | D:6      | XOM: god gift: 3 scrolls labelled ESYANUJUGH {god gift}
  7605 | D:6      | XOM: divination: magic mapping
  7622 | D:6      | XOM: god gift: leather armour {god gift}
  7655 | D:6      | Found a glowing drain.
  7663 | Sewer    | Entered a sewer
  7859 | D:6      | Noticed jestyr24's ghost (novice MiFi)
  7894 | D:6      | XOM: summons friendly quasit
  7936 | D:6      | XOM: enchant monster (good)
  7938 | D:6      | XOM: enchant monster (bad)
  7976 | D:6      | XOM: god gift: 22 stones
  7997 | D:6      | XOM: 1-stop teleportation journey
  8052 | D:6      | XOM: blink monster(s)
  8056 | D:6      | Killed a troll
  8114 | D:6      | XOM: potion effect (curing)
  8122 | D:6      | Reached skill level 5 in Fighting
  8134 | D:6      | XOM: cast spell 'Cause Fear'
  8474 | D:7      | Found Gitamnes's Weapon Boutique.
  8477 | D:7      | Found a snail-covered altar of Cheibriados.
  8522 | D:7      | Noticed a hornet
  8538 | D:7      | Killed a hornet
  8539 | D:7      | Reached XP level 9. HP: 68/68 MP: 9/9
  8637 | D:7      | Found a sand-covered staircase.
  8642 | Ossuary  | Entered an ossuary
  8832 | D:7      | Identified the +10 war axe "Caguf" {vorpal, rN+ Str+2
                  | Dex-4}
  8931 | D:7      | XOM: potion effect (might)
  8932 | D:7      | XOM: potion effect (haste)
  9023 | D:7      | Found the +5 scythe "Finisher" {speed, eviscerate}
  9028 | D:7      | XOM: potion effect (might)
  9030 | D:7      | Reached skill level 1 in Evocations
  9049 | D:7      | Reached skill level 5 in Armour
  9101 | D:7      | XOM: silly message
  9128 | D:7      | XOM: silly message
  9294 | D:8      | Reached skill level 1 in Polearms
  9296 | D:8      | XOM: potion effect (haste)
  9298 | D:8      | XOM: potion effect (heal wounds)
  9338 | D:8      | XOM: silly message
  9359 | D:8      | XOM: silly message
  9365 | D:8      | XOM: noise
  9392 | D:8      | Identified the amulet of Beauty {Acrobat rF+} (Xom gifted
                  | it to you on level 8 of the Dungeon)
  9392 | D:8      | XOM: god gift: amulet of Beauty {Acrobat rF+}
  9428 | D:8      | XOM: cleaving
  9435 | D:8      | XOM: smoke on damage
  9483 | D:8      | XOM: divination: detect creatures
  9555 | D:8      | Found an iron altar of Okawaru.
  9675 | D:8      | Noticed a two-headed ogre
  9804 | D:8      | Found an opulent altar of Gozag.
  9851 | D:8      | XOM: summons 3 friendly demons
  9851 | D:8      | Killed a two-headed ogre
  9852 | D:8      | Reached XP level 10. HP: 60/77 MP: 10/10
  9981 | D:8      | Identified 3 scrolls of acquirement
  9982 | D:8      | Acquired 861 gold pieces
  9984 | D:8      | Acquired a +2 helmet of intelligence
  9997 | D:8      | Acquired a manual of Ice Magic
 10011 | D:8      | Noticed Maurice
 10013 | D:8      | XOM: summons 3 hostile shadow creatures
 10015 | D:8      | Killed Maurice
 10493 | D:9      | XOM: polymorph iguana -> wolf
 10639 | D:9      | Found Azaydiu's Magic Scroll Shop.
 10645 | D:9      | Bought a scroll of identify for 24 gold pieces
 10645 | D:9      | Bought a scroll of identify for 24 gold pieces
 10661 | D:9      | Found Ymocurr's Magic Scroll Shop.
 10670 | D:9      | Bought a scroll of blinking for 120 gold pieces
 10670 | D:9      | Bought a scroll of blinking for 120 gold pieces
 10670 | D:9      | Bought a scroll of identify for 32 gold pieces
 10680 | D:9      | XOM: scenery: create altars
 10685 | D:9      | Found a staircase to the Lair.
 10693 | D:9      | XOM: divination: magic mapping
 10829 | D:9      | Reached skill level 5 in Evocations
 10857 | D:9      | Noticed a queen ant
 10872 | D:9      | XOM: divination: detect items
 10899 | D:9      | Killed a queen ant
 10900 | D:9      | Reached skill level 5 in Polearms
 11049 | D:9      | Found Itimeig's Armour Shop.
 11057 | D:9      | Bought a +2 pair of gloves of dexterity for 215 gold pieces
 11127 | D:9      | XOM: enchant monster (good)
 11214 | D:9      | XOM: polymorph soldier ant -> boggart
 11226 | D:9      | XOM: enchant monster (good)
 11232 | D:9      | XOM: divine lightning
 11254 | D:9      | XOM: fog
 11334 | D:9      | XOM: cloud trail
 11606 | D:9      | XOM: cast spell 'Summon Dragon'
 11652 | D:9      | XOM: cloud trail
 11773 | D:9      | Found Vyox's Book Emporium.
 11981 | D:10     | XOM: noise
 11981 | D:10     | Entered Level 10 of the Dungeon
 11982 | D:10     | Noticed a two-headed ogre
 11982 | D:10     | XOM: potion effect (haste)
 11986 | D:10     | Killed a two-headed ogre
 12205 | D:10     | Reached XP level 11. HP: 83/83 MP: 11/11
 12258 | D:10     | XOM: silly message
 12546 | D:10     | XOM: summons 2 hostile shadow creatures
 12547 | D:10     | Noticed a two-headed ogre
 12978 | D:10     | XOM: summons 6 hostile demons
 13345 | D:10     | Noticed an ogre mage
 13377 | D:10     | XOM: enchant monster (bad)
 13382 | D:10     | Paralysed by an ogre mage for 4 turns
 13636 | D:10     | XOM is BORED!
 13723 | D:10     | Found a large runed translucent door.
 13724 | D:10     | Found a large runed translucent door.
 13789 | D:10     | Noticed a tengu reaver
 13796 | D:10     | Killed from afar by a tengu reaver

Illustrated notes

Levels and vault maps discovered:
D:1:      heliophobic_arrival_enchanted_forest, layout_loops_ring
D:2:      layout_loops_corners, xom_redecorated, grunt_temple_overflow_open,
          marbit_many_paths, old_standard_altar, minitemple
D:3:      layout_loops_ring, nicolae_overflow_hidden_temple,
          nemelex_xobeh_ov_fountains_minmay, goddamned_bats, uniq_sigmund,
          uniq_robin, uniq_crazy_yiuf_cottage
D:4:      layout_basic
D:5:      layout_loops_ring, nicolae_dithmenos_shadow_blocks,
          minmay_temple_entry_mini_moons, uniq_blork_the_orc
D:6:      layout_cave_pools, fedhas_altar_3, gup_sewer_entry_bubbles,
          gammafunk_ghost_necromancy
D:7:      layout_rooms, slow_altar_1, serial_shops, nicolae_shop_waterfront,
          enter_ossuary_2, minmay_guarded_unrand_finisher
D:8:      layout_loops_ring, grunt_temple_overflow_gold_and_silver,
          okawaru_gym_becter, uniq_maurice
D:9:      layout_loops_ring, dpeg_oklobed_lair, special_room [special_room_orc],
          serial_shops, nicolae_shop_trees, shop, shop, nicolae_shop_trees,
          minmay_misc_feat_cross, hangedman_decor_points, minmay_another_anthill
D:10:     cheibrodos_steamvent, layout_basic, minmay_misc_feat_x,
          grunt_ministairs_7, jmf_multi_god_temple2

Skill      XL: |  1  2  3  4  5  6  7  8  9 10 11 |
---------------+----------------------------------+-----
Dodging        | 1 2 3 4 5 |  5.4
Long Blades    | 3 4 5 6 7 |  7.3
Armour         | 2 4 5 |  5.4
Fighting       | 5 6 |  6.9
Evocations     | 3 6 |  6.0
Polearms       | 3 6 7 |  7.2

Action                   |  1- 3 |  4- 6 |  7- 9 | 10-12 || total
-------------------------+-------+-------+-------+-------++-------
Melee: Falchion          |    79 |   221 |   526 |   222 ||  1048
       Scythe            |       |       |       |   244 ||   244
Throw: Dart              |       |    17 |    12 |       ||    29
Evoke: Wand              |       |       |     1 |     5 ||     6
  Use: Scroll            |     3 |     4 |    14 |    12 ||    33
 Stab: Paralysed         |     2 |     5 |     5 |       ||    12
       Confused          |       |       |     2 |       ||     2
       Petrifying        |       |       |     1 |     1 ||     2
       Petrified         |       |       |     1 |       ||     1
       Distracted        |       |       |       |     1 ||     1
Armor: Leather armour    |    25 |    60 |     7 |       ||    92
       Scale mail        |       |       |   178 |   266 ||   444
Dodge: Dodged            |    50 |   209 |   355 |   329 ||   943
       Rpst.: Falchion   |    20 |    71 |    94 |    29 ||   214

Table legend: (Time is in decaauts)
 A = Elapsed time spent in this place.
 B = Non-inter-level travel time spent in this place.
 C = Inter-level travel time spent in this place.
 D = Time resting spent in this place.
 E = Time spent auto-exploring this place.
 F = Levels seen in this place.
 G = Mean time per level.
                   A        B        C        D        E       F      G
               +--------+--------+--------+--------+--------+-----+--------+
         Total |  13836 |  12647 |   1189 |   2528 |   7247 |  12 | 1153.0 |
       Dungeon |  13495 |  12306 |   1189 |   2518 |   7107 |  10 | 1349.5 |
         Sewer |    166 |    166 |      0 |      0 |    100 |   1 |  166.0 |
       Ossuary |    175 |    175 |      0 |     10 |     39 |   1 |  175.0 |
               +--------+--------+--------+--------+--------+-----+--------+

Top non-repeatable levels by time:
     D:3: 2144 daAuts
     D:2: 1918 daAuts
    D:10: 1808 daAuts
     D:9: 1624 daAuts
     D:4: 1572 daAuts
     D:8: 1015 daAuts
     D:1: 971 daAuts
     D:6: 911 daAuts
     D:5: 882 daAuts
     D:7: 645 daAuts
 Ossuary: 175 daAuts
   Sewer: 166 daAuts
